 Dungeon Crawl Stone Soup version 0.31-a0-662-g684573625c (webtiles) character file.

Game seed: 817370855006392832

1082 jlumianski the Chopper (level 8, -4/45 (54) HPs)
             Began as a Demonspawn Fighter on Aug 31, 2023.
             Killed by divine providence
             ... invoked by Jeremiah
              (14 damage)
             ... on level 6 of the Dungeon.
             The game lasted 00:17:21 (5078 turns).

jlumianski the Chopper (Demonspawn Fighter)         Turns: 5078, Time: 00:17:22

HP:   -4/45 (54)    AC: 20    Str: 16    XL:     8   Next: 8%
MP:   8/8           EV:  8    Int: 10    God:
Gold: 336           SH: 12    Dex: 19    Spells: 7/7 levels left

rFire   . . .        o - +3 war axe (freeze)
rCold   x . .        c - +1 buckler
rNeg    . . .        C - +0 chain mail
rPois   +            (helmet restricted)
rElec   .            E - +0 cloak
rCorr   .            l - +1 pair of gloves
SInv    .            m - +0 pair of boots
Will    .....        d - amulet of reflection Stlth
                     t - ring of poison resistance
HPRegen 0.27/turn    x - +6 ring of dexterity
MPRegen 0.11/turn

%: reflection
@: mighty, sanguine armoured, attractive, heavily drained
A: foul stench 2, spiny 2, sanguine armour 1, antennae 1, frail 1, weak 1, cold
vulnerability 1, subdued magic 1
a: no special abilities


You were on level 6 of the Dungeon.
You visited 1 branch of the dungeon, and saw 7 of its levels.

You collected 378 gold pieces.
You spent 42 gold pieces at shops.

Inventory:

Hand Weapons
 a - a +0 war axe
 o - a +3 war axe of freezing (weapon)
Missiles
 h - 82 stones
 i - 14 poisoned darts (quivered)
 q - 3 boomerangs
Armour
 b - a +0 scale mail
 c - a +1 buckler (worn)
 l - a +1 pair of gloves (worn)
 m - a +0 pair of boots (worn)
 C - a +0 chain mail (worn)
 E - a +0 cloak (worn)
Jewellery
 d - an amulet of reflection (around neck)
 r - a ring of ice
 t - a ring of poison resistance (left hand)
 x - a +6 ring of dexterity (right hand)
Wands
 B - a wand of paralysis (11)
Scrolls
 p - a scroll of fog {unknown}
 s - a scroll of immolation {unknown}
 u - a scroll of blinking
 w - a scroll of identify
 y - a scroll of amnesia
 D - a scroll of summoning {unknown}
Potions
 e - 2 potions of enlightenment
 f - a potion of brilliance
 g - a potion of haste
 j - a potion of lignification
 n - a potion of attraction


   Skills:
 + Level 4.9 Fighting
 + Level 5.6 Axes
 + Level 1.0 Throwing
 + Level 4.8 Armour
 + Level 1.7 Dodging
 - Level 0.8 Stealth
 + Level 4.1 Shields


You had 7 spell levels left.
You didn't know any spells.
Your spell library contained the following spells:

 Spells                   Type           Power      Damage    Failure   Level
 Ensorcelled Hibernation  Hex/Ice        0%         N/A       100%        2
 Passwall                 Tmut/Erth      0%         N/A       100%        2
 Ozocubu's Armour         Ice            0%         N/A       100%        3
 Swiftness                Air            0%         N/A       100%        3
 Metabolic Englaciation   Hex/Ice        0%         N/A       100%        5
 Simulacrum               Ice/Necr       0%         N/A       100%        6


Dungeon Overview and Level Annotations

Branches:
Dungeon (7/15)             Temple (0/1) D:7

Altars:
Dithmenos
Gozag
Trog
Wu Jian
Yredelemnul

Shops:
D:1 (

Annotations:
D:3 1 runed translucent door
D:5 1 runed translucent door, Crazy Yiuf
D:6 Jeremiah


Innate Abilities, Weirdness & Mutations

You sometimes emit foul miasma when damaged in melee.
You are mostly covered in sharp spines.
When seriously injured, your blood forms armour. (AC +6)
You have a pair of small antennae on your head.
You are frail. (-10% HP)
You are weak. (Str -2)
You are vulnerable to cold. (rC-)
Your spells are a little easier to cast, but a little less powerful.


Message History

You slash the butterfly! You freeze the butterfly.
You kill the butterfly!
The butterfly disappears in a burst of colours!
You closely miss the butterfly. x2; You slash the butterfly!
You freeze the butterfly.
You kill the butterfly!
The butterfly disappears in a burst of colours! x2
Jeremiah hops!
The butterfly is attracted toward you.
Jeremiah cries, "Fearful master, protect me!"
Something smites you!
* * * LOW HITPOINT WARNING * * *
The butterfly is attracted toward you. x5
It was a potion of curing.
You feel better.
The butterfly is attracted toward you. x2
You slice the butterfly!! You freeze the butterfly.
You kill the butterfly!
The butterfly disappears in a burst of colours!
You slash the butterfly! You freeze the butterfly.
You kill the butterfly!
The butterfly disappears in a burst of colours!
You slash the butterfly! You freeze the butterfly.
You kill the butterfly!
The butterfly disappears in a burst of colours!
You hit the butterfly. You freeze the butterfly.
You kill the butterfly!
The butterfly disappears in a burst of colours!
The butterfly is attracted toward you. Jeremiah is attracted toward you.
The butterfly is attracted toward you. x4
You slash the butterfly! You freeze the butterfly.
You kill the butterfly!
The butterfly disappears in a burst of colours!
You hit the butterfly. You freeze the butterfly.
You kill the butterfly!
The butterfly disappears in a burst of colours!
You completely miss the butterfly.
The butterfly disappears in a burst of colours!
Jeremiah mumbles a slurred invocation.
Something smites you!
You die...
Jeremiah asks, "What happened?
Did... did you die?"

~.## #.# .≈~# #.# ######
~~.###.#######....######
..~...........§.§§..?.>#
~...##.#######.§..####.#
.♣.###.# #####bbb.# #.#
..~# #.. ...§.bFbb# #.#
#♣.# ########b.bb.# #..
#~.# #.§b@.# #.. #.##
#§########.. ##
#.{.....<#... ##########


You could see Jeremiah.

Vanquished Creatures
  Sigmund (D:2)
  A black bear (D:5)
  2 ogres (D:5)
  4 scorpions
  A wight (D:7)
  2 orc priests (D:4)
  2 hounds
  2 iguanas
  A sleepcap (D:5)
  Robin (D:3)
  4 gnolls (D:7)
  2 adders (D:3)
  A worm (D:5)
  A dart slug (D:1)
  20 orcs
  5 ball pythons
  6 endoplasms
  4 giant cockroaches
  14 hobgoblins
  A quokka (D:1)
  5 bats
  6 frilled lizards
  18 goblins
  5 kobolds
  2 kobold skeletons (D:3)
  4 rats
115 creatures vanquished.

Notes
Turn   | Place    | Note
-------+----------+-------------------------------------------
     0 | D:1      | jlumianski the Demonspawn Fighter began the quest for the
                  | Orb.
     0 | D:1      | Reached XP level 1. HP: 18/18 MP: 1/1
   158 | D:1      | Gained mutation: You are partially covered in sharp spines.
                  | [demonic ancestry]
   158 | D:1      | Reached XP level 2. HP: 22/24 MP: 2/2
   174 | D:1      | Reached skill level 2 in Axes
   447 | D:1      | Found Galohek's Weapon Shop.
   458 | D:1      | Gained mutation: When seriously injured, your blood forms
                  | armour. (AC +6) [demonic ancestry]
   458 | D:1      | Reached XP level 3. HP: 23/29 MP: 3/3
   475 | D:1      | Bought 3 poisoned darts for 18 gold pieces
   475 | D:1      | Bought 4 poisoned darts for 24 gold pieces
   700 | D:2      | Noticed Sigmund
   716 | D:2      | Killed Sigmund
   717 | D:2      | Reached skill level 3 in Axes
   717 | D:2      | Reached XP level 4. HP: 15/37 MP: 4/4
   717 | D:2      | Gained mutation: You may rarely emit foul miasma when
                  | damaged in melee. [demonic ancestry]
   717 | D:2      | Reached XP level 5. HP: 17/42 MP: 5/5
   769 | D:2      | Gained mutation: You are weak. (Str -2) [potion of
                  | mutation]
   769 | D:2      | Gained mutation: You expend magic power (3 MP) to
                  | strengthen your wands. [potion of mutation]
   769 | D:2      | Gained mutation: You have hidden genetic defects. [potion
                  | of mutation]
   769 | D:2      | Gained mutation: You have supernaturally acute eyesight.
                  | (SInv) [potion of mutation]
   770 | D:2      | Lost mutation: You have supernaturally acute eyesight.
                  | (SInv) [potion of mutation]
   770 | D:2      | Lost mutation: You expend magic power (3 MP) to strengthen
                  | your wands. [potion of mutation]
   770 | D:2      | Gained mutation: You are vulnerable to cold. (rC-) [potion
                  | of mutation]
   770 | D:2      | Gained mutation: You have a pair of small antennae on your
                  | head. [potion of mutation]
   892 | D:5      | Entered Level 5 of the Dungeon
   909 | D:5      | Noticed an ogre
   919 | D:5      | Killed an ogre
   920 | D:5      | Gained mutation: You are mostly covered in sharp spines.
                  | [demonic ancestry]
   920 | D:5      | Reached XP level 6. HP: 18/48 MP: 6/6
   922 | D:5      | Reached skill level 4 in Axes
   924 | D:5      | Gained mutation: You are frail. (-10% HP) [hidden defects]
  1072 | D:5      | Found an opulent altar of Gozag.
  1096 | D:5      | Found a shadowy altar of Dithmenos.
  1208 | D:7      | Gained mutation: Your spells are a little easier to cast,
                  | but a little less powerful. [hidden defects]
  1208 | D:7      | Lost mutation: You have hidden genetic defects. [hidden
                  | defects expressed]
  1330 | D:7      | Reached skill level 1 in Dodging
  1444 | D:6      | Noticed Jeremiah
  1657 | D:6      | Gained mutation: You sometimes emit foul miasma when
                  | damaged in melee. [demonic ancestry]
  1657 | D:6      | Reached XP level 7. HP: 33/49 MP: 7/7
  1822 | D:3      | Found a runed translucent door.
  1822 | D:3      | Noticed a human
  1880 | D:3      | Found a basalt altar of Yredelemnul.
  2011 | D:3      | Found a faded altar of an unknown god.
  3127 | D:3      | Identified the +0 helmet of Light {*Slow rElec rC+++ Dex+3}
  3127 | D:3      | Noticed Robin
  3175 | D:3      | Killed Robin
  3317 | D:4      | Found an ornate altar of the Wu Jian Council.
  3544 | D:4      | Reached skill level 5 in Axes
  4559 | D:5      | Found a bloodstained altar of Trog.
  4927 | D:5      | Reached skill level 1 in Throwing
  4927 | D:5      | Reached XP level 8. HP: 54/54 MP: 8/8
  4974 | D:5      | Found a runed translucent door.
  4975 | D:5      | Noticed Crazy Yiuf
  5075 | D:6      | HP: 2/45 [Jeremiah/divine providence (13)]
  5078 | D:6      | Killed from afar by Jeremiah

Illustrated notes

Levels and vault maps discovered:
D:1:      minmay_arrival_three_doors, layout_basic, serial_shops,
          nicolae_shop_bloodbath_and_beyond
D:2:      layout_loops_corners, item_on_display_a, uniq_sigmund
D:3:      layout_rooms, dk_yredelemnul_ordeal, ebering_ecumenical_altar_webs,
          uniq_robin
D:4:      layout_loops_corners, nicolae_wu_jian_wuxing_cycle
D:5:      layout_basic, trog_hazing_becter, nicolae_gozag_seed_capital,
          grunt_dithmenos_smoke_and_mirrors, wad_floor_pattern_1,
          uniq_crazy_yiuf_cottage
D:6:      layout_basic, chequers_serial_rivers_marsh, fountainhead,
          uniq_menkaure, uniq_jeremiah
D:7:      layout_rooms, minmay_temple_entry_poolview, grunt_decor_resistance

Skill      XL: |  1  2  3  4  5  6  7 |
---------------+----------------------+-----
Axes           | 2 3 4 5 |  5.6
Armour         | 3 4 |  4.8
Shields        | 3 4 |  4.1
Fighting       | 4 |  4.9
Dodging        | 1 |  1.7
Throwing       | 1 |  1.0
Stealth        | |  0.8

Action                     |  1- 3 |  4- 6 |  7- 9 || total
---------------------------+-------+-------+-------++-------
  Melee: War axe           |    51 |    51 |   130 ||   232
  Throw: Dart              |       |     2 |    16 ||    18
    Use: Potion            |     1 |     4 |     7 ||    12
         Scroll            |       |     6 |     5 ||    11
 Armour: Scale mail        |    35 |    30 |    38 ||   103
         Chain mail        |       |       |    15 ||    15
  Dodge: Dodged            |    27 |     7 |    27 ||    61
  Block: Buckler           |    15 |    25 |    82 ||   122
         Reflection        |       |       |    18 ||    18

Table legend: (Time is in decaauts)
 A = Elapsed time spent in this place.
 B = Non-inter-level travel time spent in this place.
 C = Inter-level travel time spent in this place.
 D = Time resting spent in this place.
 E = Time spent auto-exploring this place.
 F = Levels seen in this place.
 G = Mean time per level.
                   A        B        C        D        E       F      G
               +--------+--------+--------+--------+--------+-----+--------+
         Total |   5148 |   5010 |    138 |    416 |   2840 |   7 |  735.4 |
       Dungeon |   5148 |   5010 |    138 |    416 |   2840 |   7 |  735.4 |
               +--------+--------+--------+--------+--------+-----+--------+

Top non-repeatable levels by time:
     D:4: 1086 daAuts
     D:5: 1032 daAuts
     D:2: 918 daAuts
     D:3: 692 daAuts
     D:1: 684 daAuts
     D:7: 396 daAuts
     D:6: 336 daAuts
